 Dungeon Crawl Stone Soup version 0.24-b1 (webtiles) character file.

Game seed: 8624066785922538871, levelgen mode: deterministic

41 Arixos the Charmwright (level 3, 0/18 HPs)
             Began as a Vine Stalker Skald on Oct 12, 2019.
             Slain by a gnoll
             ... wielding a +0 spear
              (7 damage)
             ... on level 2 of the Dungeon.
             The game lasted 00:05:11 (967 turns).

Arixos the Charmwright (Vine Stalker Skald)          Turns: 967, Time: 00:05:11

Health: 0/18       AC:  3    Str: 13    XL:     3   Next: 52%
Magic:  0/7        EV: 12    Int: 13    God:
Gold:   54         SH:  0    Dex: 14    Spells: 0/6 levels left

rFire    . . .     SeeInvis .   a - +0 falchion
rCold    . . .     Gourm    .   (no shield)
rNeg     . . .     Faith    .   b - +0 leather armour
rPois    .         Spirit   +   (no helmet)
rElec    .         Reflect  .   c - scarf {repulsion}
rCorr    .         Harm     .   (no gloves)
MR       .....                  (no boots)
Stlth    +.........             (no amulet)
HPRegen  0.06/turn              (no ring)
MPRegen  0.10/turn              (no ring)

@: very slightly contaminated, repel missiles
A: fangs 2, magic shield, antimagic bite, no potion heal 3, rot immunity
a: no special abilities


You were on level 2 of the Dungeon.
You were not hungry.

You visited 1 branch of the dungeon, and saw 2 of its levels.

You collected 54 gold pieces.

Inventory:

Hand Weapons
 a - a +0 falchion (weapon)
Missiles
 g - 21 poisoned darts (quivered)
Armour
 b - a +0 leather armour (worn)
 c - a scarf of repulsion (worn)
Scrolls
 e - 2 scrolls of identify {unknown}
 f - a scroll of noise {unknown}
 i - a scroll of teleportation {unknown}
 m - a scroll of remove curse {unknown}
 n - a scroll of blinking {unknown}
Potions
 j - a potion of curing {unknown}
 k - a potion of might {unknown}
 l - 2 potions of lignification {unknown}
 o - a potion of heal wounds {unknown}
 p - a potion of mutation {unknown}
Comestibles
 d - 3 rations
 h - 3 chunks of flesh


   Skills:
 + Level 2.0 Fighting
 * Level 2.5 Long Blades
 - Level 0.7 Armour
 + Level 1.8 Dodging
 + Level 2.4 Spellcasting
 + Level 3.1 Charms
 + Level 0.1 Necromancy
 + Level 0.9 Translocations


You couldn't memorise any spells.
You knew the following spells:

 Your Spells              Type           Power        Failure   Level  Hunger
a - Infusion              Chrm           #...         9%          1    #......
r - Regeneration          Chrm/Necr      #.........   43%         3    ###....
s - Shroud of Golubria    Chrm/Tloc      #.....       21%         2    ###....

Your spell library contained the following spells:

 Spells                   Type           Power        Failure   Level  Hunger
 Song of Slaying          Chrm           #.......     13%         2    ###....
 Spectral Weapon          Hex/Chrm       #.......     43%         3    ###....


Dungeon Overview and Level Annotations

Branches:
Dungeon (2/15)

Altars:


Innate Abilities, Weirdness & Mutations

You have extremely sharp teeth.
When hurt, damage is shared between your health and your magic reserves.
Your bite disrupts and absorbs the magic of your enemies.
Potions cannot restore your health.
You are immune to rotting.


Message History

The gnoll is heavily wounded.
The gnoll hits you from afar with a +0 halberd.
The gnoll barely misses you.
You barely miss the gnoll. You bite the gnoll. You drain its power.
You feel invigorated.
The gnoll is severely wounded.
The gnoll hits you with a +0 whip.
You hit the gnoll.
You kill the gnoll!
The gnoll hits you from afar with a +0 spear.
Casting: Regeneration (slightly dangerous; 43% risk of failure)
Confirm with . or Enter, or press ? or * to list all spells.
Space distorts slightly along a thin shroud covering your body.
The gnoll barely misses you. The gnoll closely misses you. x2
You see here a +0 whip.
You hit the gnoll.
The gnoll is heavily wounded.
The gnoll hits you with a +0 spear!
You die...

#.# .... #.#
..).. #.# ..g..
#.# .g....
#.###..g...
#.......#
#g......#
#g#####.#######
#@###..........
#.##...........
#.##...........
#.##...........
#..÷...........
####...<.......
#......≈..≈.
#...≈≈≈.≈≈≈≈
##≈≈≈≈≈≈.≈≈≈


You could see 2 gnolls.

Vanquished Creatures
  A gnoll (D:2)
  An ooze (D:1)
  A dart slug (D:1)
  A bat (D:1)
  2 goblins (D:1)
  3 hobgoblins (D:1)
  7 jackals
  2 kobolds (D:1)
  3 frilled lizards (D:1)
  A rat (D:1)
22 creatures vanquished.

Notes
Turn   | Place    | Note
-------+----------+-------------------------------------------
     0 | D:1      | Arixos the Vine Stalker Skald began the quest for the Orb.
     0 | D:1      | Reached XP level 1. HP: 11/11 MP: 4/4
   251 | D:1      | Reached XP level 2. HP: 9/15 MP: 3/6
   255 | D:1      | Learned a level 2 spell: Shroud of Golubria
   639 | D:1      | Reached XP level 3. HP: 16/18 MP: 7/7
   644 | D:1      | Learned a level 3 spell: Regeneration
   967 | D:2      | Slain by a gnoll

Skill      XL: |  1  2 |
---------------+-------+-----
Long Blades    | 2 |  2.5
Fighting       | 2 |  2.0
Armour         | |  0.7
Dodging        | |  1.8
Spellcasting   | |  2.4
Charms         | |  3.1
Necromancy     | |  0.1
Translocations | |  0.9

Action                   || total
-------------------------++-------
Melee: Falchion          ||    77
       Bite              ||    23
 Cast: Shroud of Golubri ||     8
  Eat: Chunk             ||     1
Armor: Leather armour    ||    19
Dodge: Dodged            ||    60
       Rpst.: Falchion   ||    15
